 Dungeon Crawl Stone Soup version 0.23-a0-143-g1adec7b (webtiles) character file.

16 Amnesiac the Chiller (level 2, -2/19 HPs)
             Began as a Mummy Ice Elementalist on Sept 2, 2018.
             Slain by a gnoll
             ... wielding a +0 flail
              (7 damage)
             ... on level 2 of the Dungeon.
             The game lasted 00:01:17 (464 turns).

Amnesiac the Chiller (Mummy Ice Elementalist)        Turns: 464, Time: 00:01:18

Health: -2/19      AC:  3    Str: 11    XL:     2   Next: 41%
Magic:  1/6        EV: 12    Int: 14    God:
Gold:   38         SH:  0    Dex: 12    Spells: 6/7 levels left

rFire    x . .     SeeInvis .   (no weapon)
rCold    + . .     Gourm    .   (no shield)
rNeg     + + +     Faith    .   a - +0 robe
rPois    ∞         Spirit   .   (no helmet)
rElec    .         Reflect  .   d - +0 cloak (curse)
rCorr    .         Harm     .   (no gloves)
MR       .....                  (no boots)
Stlth    ++........             (no amulet)
HPRegen  0.06/turn              (no ring)
MPRegen  0.10/turn              (no ring)

@: very slightly contaminated
A: no food or potions, fire vulnerability, cold resistance 1, negative energy
resistance 3, torment resistance, unbreathing
a: no special abilities


You were on level 2 of the Dungeon.
You were not hungry.

You visited 1 branch of the dungeon, and saw 3 of its levels.

You collected 38 gold pieces.

Inventory:

Armour
 a - a +0 robe (worn)
 d - a cursed +0 cloak (worn)
Scrolls
 b - 2 scrolls of fog {!r, unknown}
 c - a scroll of random uselessness {!r, unknown}


   Skills:
 - Level 1.5 Dodging
 - Level 1.5 Stealth
 + Level 3.0 Spellcasting
   Level 0.7 Conjurations
 * Level 3.0 Ice Magic


You had 6 spell levels left.
You knew the following spells:

 Your Spells              Type           Power        Failure   Level  Hunger
a - Freeze                Ice            ##..         6%          1    N/A

Your spell library contained the following spells:

 Spells                   Type           Power        Failure   Level  Hunger
 Throw Frost              Conj/Ice       #.....       16%         2    N/A
 Ozocubu's Armour         Chrm/Ice       #.......     34%         3    N/A
 Throw Icicle             Conj/Ice       #.......     69%         4    N/A
 Summon Ice Beast         Ice/Summ       #.......     75%         4    N/A

Dungeon Overview and Level Annotations

Branches:
Dungeon (3/15)

Altars:


Innate Abilities, Weirdness & Mutations

You do not eat or drink.
Your flesh is vulnerable to fire.
You are immune to poison.
Your flesh is cold resistant. (rC+)
You are immune to negative energy. (rN+++)
You are immune to unholy pain and torment.
You can survive without breathing.


Message History

There is a stone staircase leading up here.
You climb upwards.
There is a stone staircase leading down here.
You climb downwards.
There is a stone staircase leading up here.
You see here a ration.
There is an escape hatch in the ceiling here.
A gnoll comes into view. It is wielding a flail.
A gnoll is nearby!
The gnoll shouts!
You see here a spear.
Casting: Freeze (safe; 6% risk of failure)
Confirm with . or Enter, or press ? or * to list all spells.
You can't see any susceptible monsters within range! (Use Z to cast anyway.)
Casting: Freeze (safe; 6% risk of failure)
Confirm with . or Enter, or press ? or * to list all spells.
You can't see any susceptible monsters within range! (Use Z to cast anyway.)
Casting: Freeze (safe; 6% risk of failure)
Confirm with . or Enter, or press ? or * to list all spells.
Aiming: Freeze (safe; 6% risk of failure)
Press: ? - help, Shift-Dir - straight line, f - gnoll
Aim: a gnoll, wielding a flail You freeze the gnoll.
The gnoll is lightly wounded.
The gnoll hits you with a flail.
Casting: Freeze (safe; 6% risk of failure)
Confirm with . or Enter, or press ? or * to list all spells.
Aiming: Freeze (safe; 6% risk of failure)
Press: ? - help, Shift-Dir - straight line, f/p - gnoll
Aim: a gnoll, wielding a flail (lightly wounded)
You miscast Freeze.
You are very lightly contaminated with residual magic.
Frost covers your body.
The gnoll shouts!
Casting: Freeze (safe; 6% risk of failure)
Confirm with . or Enter, or press ? or * to list all spells.
Aiming: Freeze (safe; 6% risk of failure)
Press: ? - help, Shift-Dir - straight line, f/p - gnoll
Aim: a gnoll, wielding a flail (lightly wounded)
You freeze the gnoll.
The gnoll is heavily wounded.
The gnoll closely misses you.
The gnoll throws a throwing net.
The throwing net barely misses you.
Casting: Freeze (safe; 6% risk of failure)
Confirm with . or Enter, or press ? or * to list all spells.
Aiming: Freeze (safe; 6% risk of failure)
Press: ? - help, Shift-Dir - straight line, f/p - gnoll
Aim: a gnoll, wielding a flail (heavily wounded)
You miscast Freeze.
A chill runs through your body.
The gnoll shouts!
The gnoll hits you with a flail!
Ouch! That really hurt!
* * * LOW HITPOINT WARNING * * *
There is an escape hatch in the ceiling here.
You see here a throwing net.
Casting: Freeze (safe; 6% risk of failure)
Confirm with . or Enter, or press ? or * to list all spells.
Aiming: Freeze (safe; 6% risk of failure)
Press: ? - help, Shift-Dir - straight line, f/p - gnoll
Aim: a gnoll, wielding a flail (heavily wounded)
You freeze the gnoll.
The gnoll is severely wounded.
The gnoll hits you with a flail!
You die...

#.......# #.......#
#......g# #.# #.......#
#.# ######.g# #.# ###
##.###.# #.# #..##.#
#.#####g##.#
#...###@##.#
#.#..##..#.###
#............#
#....###...#.# #....#
##..#.# #.#..# #..#.#
#....# ##.#.# #....#
#.#.#
##########..#.#####.#.#


You could see 3 gnolls.

Vanquished Creatures
  An adder (D:2)
  A dart slug (D:2)
  A bat (D:2)
  A hobgoblin (D:2)
  A goblin (D:2)
  2 rats
7 creatures vanquished.

Notes
Turn   | Place    | Note
-------+----------+-------------------------------------------
     0 | D:1      | Amnesiac the Mummy Ice Elementalist began the quest for the
                  | Orb.
     0 | D:1      | Reached XP level 1. HP: 13/13 MP: 4/4
    34 | D:2      | Reached XP level 2. HP: 13/19 MP: 0/5
   464 | D:2      | Slain by a gnoll

Vault maps used:
D:1:      ebering_hopf_link
D:2:      minmay_diamond_boxcup, old_standard_altar, marbit_many_paths
D:3:      serial_undead, serial_undead_b, serial_undead_f, serial_undead_a,
          serial_undead_a, serial_undead_b, serial_undead_a,
          chequers_ecumenical_altar_lobes

Skill      XL: |  1  2 |
---------------+-------+-----
Ice Magic      | 3 |  3.0
Spellcasting   | 3 |  3.0
Dodging        | |  1.5
Stealth        | |  1.5
Conjurations   | |  0.7

Action                   || total
-------------------------++-------
Melee: Unarmed           ||     3
       Rapier            ||     2
 Cast: Freeze            ||    17
Armor: Robe              ||     5
Dodge: Dodged            ||    15

Table legend:
 A = Non-vault XP
 B = Vault XP
 C = Vault XP percentage of total XP
 D = Non-vault monster count
 E = Vault monster count
 F = Vault count percentage of total count
                 A         B        C        D         E       F
            +---------+---------+-------+---------+---------+-------
      Total |      24 |       0 |   0.0 |       7 |       0 |   0.0
            +---------+---------+-------+---------+---------+-------
        D:1 |       1 |       0 |   0.0 |       1 |       0 |   0.0
        D:2 |      22 |       0 |   0.0 |       5 |       0 |   0.0
        D:3 |       1 |       0 |   0.0 |       1 |       0 |   0.0
            +---------+---------+-------+---------+---------+-------
